A+ - U26
VIRGINIA BEACH MARINERS @ DUNEDIN BLUE JAYS
08/22/2052
 
TOP OF THE 1ST
Charlotte Stone Crabs batting - Pitching for Florida Fire Frogs : RHP Will McCallum
Pitching: RHP Will McCallum
Batting: SHB Issac Brosius 0-0: Ball
1-0: Foul Ball, location: 2F
1-1: Ball
2-1: Swinging Strike
2-2: Ball
3-2: Strikes out looking
Batting: LHB Delford Cody 0-0: Called Strike
0-1: Ball
1-1: Foul Ball, location: 2F
1-2: Strikes out swinging
Batting: LHB Connor Ray 0-0: Swinging Strike
0-1: Called Strike
0-2: Strikes out swinging, 2-3 out at first.
Top of the 1st over - 0 runs, 0 hits, 0 errors, 0 left on base; Charlotte 0 - Florida 0
BOTTOM OF THE 1ST
Florida Fire Frogs batting - Pitching for Charlotte Stone Crabs : RHP Juan Valderez
Pitching: RHP Juan Valderez
Batting: RHB Andy Munch 0-0: Fly out, F8 (Flyball, 89D, EV 106.9 MPH)
Batting: LHB Al Cashmann 0-0: Called Strike
0-1: Fly out, F6 (Popup, 6, EV 71.2 MPH)
Batting: RHB Andy Westmoreland 0-0: Ball
1-0: Ball
2-0: DOUBLE (Line Drive, 7LM, EV 104.4 MPH)
Batting: LHB Dalton Wharton 0-0: Called Strike
0-1: Ball
1-1: Reached on error, E6 (Groundball, 6, EV 80.0 MPH)
Andy Westmoreland scores
Batting: RHB Kelly Salhany 0-0: Called Strike
0-1: Ball
1-1: Foul Ball, location: 2F
1-2: Foul Ball, location: 2F
1-2: Ball
2-2: Strikes out swinging
Bottom of the 1st over - 1 run, 1 hit, 1 error, 1 left on base; Charlotte 0 - Florida 1
TOP OF THE 2ND
Charlotte Stone Crabs batting - Pitching for Florida Fire Frogs : RHP Will McCallum
Batting: LHB Gavin Scarboro 0-0: Swinging Strike
0-1: Foul Ball, location: 2F
0-2: Strikes out looking
Batting: LHB Larry Aubin 0-0: Foul Ball, location: 2F
0-1: Called Strike
0-2: Foul Ball, location: 2F
0-2: Ball
1-2: Ball
2-2: Ball
3-2: Foul Ball, location: 2F
3-2: SOLO HOME RUN (Flyball, 7D, EV 97.5 MPH), Distance : 356 ft
Batting: LHB Guy Barry 0-0: Ball
1-0: Called Strike
1-1: Foul Ball, location: 2F
1-2: Ground out 4-3 (Groundball, 4, EV 88.1 MPH)
Batting: RHB Ryan Manson 0-0: Swinging Strike
0-1: Ball
1-1: Ground out 6-3 (Groundball, 6, EV 88.8 MPH)
Top of the 2nd over - 1 run, 1 hit, 0 errors, 0 left on base; Charlotte 1 - Florida 1
BOTTOM OF THE 2ND
Florida Fire Frogs batting - Pitching for Charlotte Stone Crabs : RHP Juan Valderez
Batting: LHB Lincoln Sierra 0-0: Ball
1-0: Foul Ball, location: 2F
1-1: Swinging Strike
1-2: Ball
2-2: Foul Ball, location: 2F
2-2: Ground out 6-3 (Groundball, 6, EV 98.8 MPH)
Batting: LHB Neal Caldwell 0-0: Ball
1-0: Ball
2-0: Ball
3-0: Called Strike
3-1: Ground out 6-3 (Groundball, 6, EV 78.1 MPH)
Batting: RHB Brantley Sargent 0-0: Ground out 5-3 (Groundball, 56, EV 88.1 MPH)
Bottom of the 2nd over - 0 runs, 0 hits, 0 errors, 0 left on base; Charlotte 1 - Florida 1
TOP OF THE 3RD
Charlotte Stone Crabs batting - Pitching for Florida Fire Frogs : RHP Will McCallum
Batting: RHB Jonah Pratt 0-0: Foul Ball, location: 2F
0-1: Ball
1-1: Ball
2-1: Ball
3-1: Foul Ball, location: 2F
3-2: Foul Ball, location: 2F
3-2: Foul Ball, location: 2F
3-2: Foul Ball, location: 2F
3-2: Foul Ball, location: 2F
3-2: Strikes out swinging
Batting: RHB Carlos Gajeiro 0-0: Foul Ball, location: 2F
0-1: Foul Ball, location: 2F
0-2: Foul Ball, location: 2F
0-2: Strikes out swinging
Batting: SHB Issac Brosius 0-0: Called Strike
0-1: Fly out, F8 (Flyball, 8LM, EV 81.9 MPH)
Top of the 3rd over - 0 runs, 0 hits, 0 errors, 0 left on base; Charlotte 1 - Florida 1
BOTTOM OF THE 3RD
Florida Fire Frogs batting - Pitching for Charlotte Stone Crabs : RHP Juan Valderez
Batting: RHB Ken Cincotta 0-0: Ball
1-0: Ball
2-0: Ground out 6-3 (Groundball, 6M, EV 110.6 MPH)
Batting: RHB Andy Munch 0-0: Called Strike
0-1: Ball
1-1: Fly out, F9 (Flyball, 9LM, EV 83.1 MPH)
Batting: LHB Al Cashmann 0-0: Called Strike
0-1: Foul Ball, location: 2F
0-2: Ball
1-2: Ball
2-2: Ground out 5-3 (Groundball, 56S, EV 69.4 MPH)
Bottom of the 3rd over - 0 runs, 0 hits, 0 errors, 0 left on base; Charlotte 1 - Florida 1
TOP OF THE 4TH
Charlotte Stone Crabs batting - Pitching for Florida Fire Frogs : RHP Will McCallum
Batting: LHB Delford Cody 0-0: Swinging Strike
0-1: Ball
1-1: Foul Ball, location: 2F
1-2: Ball
2-2: Foul Ball, location: 2F
2-2: Foul Ball, location: 2F
2-2: Ball
3-2: Foul Ball, location: 2F
3-2: Foul Ball, location: 2F
3-2: Base on Balls
Batting: LHB Connor Ray 0-0: DOUBLE (Line Drive, 7LS, EV 106.2 MPH)
Delford Cody to third
Runner from 3rd tries for Home, SAFE, no throw by LF
Batting: LHB Gavin Scarboro 0-0: Ball
1-0: SINGLE (Line Drive, 6D, EV 99.4 MPH)
Connor Ray to third
Runner from 3rd tries for Home, SAFE, throw by CF to home
Batting: LHB Larry Aubin 0-0: Ball
1-0: Ball
2-0: Ball
3-0: Base on Balls
Gavin Scarboro to second
Batting: LHB Guy Barry 0-0: Ball
1-0: Called Strike
1-1: SINGLE (Line Drive, 56D, EV 105.6 MPH)
Gavin Scarboro to third
Larry Aubin to second
Runner from 3rd tries for Home, SAFE, throw by LF to home
Batting: RHB Ryan Manson 0-0: Called Strike
0-1: Ball
1-1: Ball
2-1: Foul Ball, location: 2F
2-2: Ball
3-2: Foul Ball, location: 2F
3-2: Foul Ball, location: 2F
3-2: Strikes out swinging
Batting: RHB Jonah Pratt 0-0: Called Strike
0-1: Called Strike
0-2: Ball
1-2: Ball
2-2: Strikes out swinging
Batting: RHB Carlos Gajeiro 0-0: Foul Ball, location: 2F
0-1: Ball
1-1: Fly out, F3 (Popup, 3F, EV 65.0 MPH)
Top of the 4th over - 3 runs, 3 hits, 0 errors, 2 left on base; Charlotte 4 - Florida 1
BOTTOM OF THE 4TH
Florida Fire Frogs batting - Pitching for Charlotte Stone Crabs : RHP Juan Valderez
Batting: RHB Andy Westmoreland 0-0: Ball
1-0: Ball
2-0: Called Strike
2-1: Fly out, F4 (Popup, 4, EV 68.8 MPH)
Batting: LHB Dalton Wharton 0-0: Ball
1-0: Ball
2-0: Foul Ball, location: 2F
2-1: Ground out 3-1 (Groundball, 34, EV 84.4 MPH)
Batting: RHB Kelly Salhany 0-0: Ball
1-0: Called Strike
1-1: Foul Ball, location: 2F
1-2: Ball
2-2: Ball
3-2: Strikes out swinging
Bottom of the 4th over - 0 runs, 0 hits, 0 errors, 0 left on base; Charlotte 4 - Florida 1
TOP OF THE 5TH
Charlotte Stone Crabs batting - Pitching for Florida Fire Frogs : RHP Will McCallum
Batting: SHB Issac Brosius 0-0: Ground out 4-3 (Groundball, 4M, EV 83.1 MPH)
Batting: LHB Delford Cody 0-0: Called Strike
0-1: Foul Ball, location: 2F
0-2: Foul Ball, location: 2F
0-2: Strikes out swinging
Batting: LHB Connor Ray 0-0: Called Strike
0-1: Foul Ball, location: 2F
0-2: Foul Ball, location: 2F
0-2: Strikes out looking
Top of the 5th over - 0 runs, 0 hits, 0 errors, 0 left on base; Charlotte 4 - Florida 1
BOTTOM OF THE 5TH
Florida Fire Frogs batting - Pitching for Charlotte Stone Crabs : RHP Juan Valderez
Batting: LHB Lincoln Sierra 0-0: Foul Ball, location: 2F
0-1: Called Strike
0-2: Fly out, F8 (Flyball, 8LD, EV 94.4 MPH)
Batting: LHB Neal Caldwell 0-0: Ground out U3 (Groundball, 3, EV 101.9 MPH)
Batting: RHB Brantley Sargent 0-0: Ground out 4-3 (Groundball, 4, EV 102.5 MPH)
Bottom of the 5th over - 0 runs, 0 hits, 0 errors, 0 left on base; Charlotte 4 - Florida 1
TOP OF THE 6TH
Charlotte Stone Crabs batting - Pitching for Florida Fire Frogs : RHP Will McCallum
Batting: LHB Gavin Scarboro 0-0: Called Strike
0-1: Foul Ball, location: 2F
0-2: Foul Ball, location: 2F
0-2: Ball
1-2: Ball
2-2: Foul Ball, location: 2F
2-2: Ball
3-2: Ground out 4-3 (Groundball, 4S, EV 61.2 MPH)
Pitching: RHP Ayden Brubaker
Batting: LHB Larry Aubin 0-0: Foul Ball, location: 2F
0-1: Ball
1-1: Ball
2-1: Foul Ball, location: 2F
2-2: Ball
3-2: Base on Balls
Batting: LHB Guy Barry 0-0: Called Strike
Larry Aubin steals 2nd base
0-1: Called Strike
0-2: Ground out 5-3 (Groundball, 5, EV 108.1 MPH)
Batting: RHB Ryan Manson 0-0: Called Strike
0-1: Called Strike
0-2: Ball
1-2: Ball
2-2: DOUBLE (Line Drive, 5D, EV 96.9 MPH)
Larry Aubin scores
Batting: RHB Jonah Pratt 0-0: Called Strike
0-1: Ball
1-1: Ball
2-1: Ball
3-1: Called Strike
3-2: Foul Ball, location: 2F
3-2: Strikes out swinging
Top of the 6th over - 1 run, 1 hit, 0 errors, 1 left on base; Charlotte 5 - Florida 1
BOTTOM OF THE 6TH
Florida Fire Frogs batting - Pitching for Charlotte Stone Crabs : RHP Juan Valderez
Batting: RHB Ken Cincotta 0-0: Called Strike
0-1: Called Strike
0-2: Ball
1-2: Strikes out looking
Batting: RHB Andy Munch 0-0: Ball
1-0: Ball
2-0: SINGLE (Groundball, 56S, EV 67.5 MPH) (infield hit)
Batting: LHB Al Cashmann 0-0: Ball
Andy Munch steals 2nd base
1-0: Foul Ball, location: 2F
1-1: Ball
2-1: Foul Ball, location: 2F
2-2: Ball
3-2: SINGLE (Line Drive, 4M, EV 98.8 MPH)
Andy Munch to third
Batting: RHB Andy Westmoreland 0-0: SINGLE (Groundball, 34D, EV 95.6 MPH)
Andy Munch scores
Al Cashmann to second
Runner from 2nd tries for 3rd, SAFE, no throw by RF
Batting: LHB Dalton Wharton 0-0: Ball
1-0: Ball
2-0: Fly out, F9 (Flyball, 9S, EV 81.9 MPH)
Batting: RHB Kelly Salhany 0-0: Ball
1-0: Ball
2-0: Ball
3-0: Base on Balls
Andy Westmoreland to second
Batting: LHB Lincoln Sierra 0-0: Ball
1-0: Ball
2-0: Foul Ball, location: 2F
2-1: Ball
3-1: Called Strike
3-2: SINGLE (Flyball, 7, EV 90.6 MPH)
Al Cashmann scores
Andy Westmoreland to third
Kelly Salhany to second
Andy Westmoreland scores
Kelly Salhany to third
Batting: LHB Neal Caldwell 0-0: Ball
1-0: Swinging Strike
1-1: Fly out, F9 (Flyball, 9, EV 95.6 MPH)
Bottom of the 6th over - 3 runs, 4 hits, 0 errors, 2 left on base; Charlotte 5 - Florida 4
TOP OF THE 7TH
Charlotte Stone Crabs batting - Pitching for Florida Fire Frogs : RHP Ayden Brubaker
Batting: RHB Carlos Gajeiro 0-0: Ball
1-0: Ground out 5-3 (Groundball, 5S, EV 84.4 MPH)
Batting: SHB Issac Brosius 0-0: Ball
1-0: Foul Ball, location: 2F
1-1: Ball
2-1: Ball
3-1: Base on Balls
Batting: LHB Delford Cody 0-0: Ball
1-0: Foul Ball, location: 2F
1-1: Ball
2-1: Ball
3-1: Base on Balls
Issac Brosius to second
Batting: LHB Connor Ray 0-0: Called Strike
0-1: Foul Ball, location: 2F
0-2: SINGLE (Line Drive, 8RS, EV 106.2 MPH)
Issac Brosius to third
Delford Cody to second
Runner from 3rd tries for Home, SAFE, throw by CF to home
Batting: LHB Gavin Scarboro 0-0: Ball
1-0: Foul Ball, location: 2F
1-1: Foul Ball, location: 2F
1-2: Strikes out swinging
Pitching: RHP Carlos Camarillo
Batting: LHB Larry Aubin 0-0: Called Strike
0-1: Ball
1-1: Ball
2-1: Swinging Strike
2-2: Foul Ball, location: 2F
2-2: Foul Ball, location: 2F
2-2: Foul Ball, location: 2F
2-2: Fly out, F6 (Popup, 6MD, EV 50.0 MPH)
Top of the 7th over - 1 run, 1 hit, 0 errors, 2 left on base; Charlotte 6 - Florida 4
BOTTOM OF THE 7TH
Florida Fire Frogs batting - Pitching for Charlotte Stone Crabs : RHP Juan Valderez
Batting: RHB Brantley Sargent 0-0: Called Strike
0-1: Fly out, F8 (Flyball, 78XD, EV 91.2 MPH)
Batting: RHB Ken Cincotta 0-0: Ball
1-0: Ground out 6-3 (Groundball, 6, EV 103.8 MPH)
Batting: RHB Andy Munch 0-0: Ball
1-0: Ball
2-0: Ball
3-0: Foul Ball, location: 2F
3-1: Fly out, F8 (Flyball, 8RM, EV 83.1 MPH)
Bottom of the 7th over - 0 runs, 0 hits, 0 errors, 0 left on base; Charlotte 6 - Florida 4
TOP OF THE 8TH
Charlotte Stone Crabs batting - Pitching for Florida Fire Frogs : RHP Carlos Camarillo
Batting: LHB Guy Barry 0-0: Called Strike
0-1: Foul Ball, location: 2F
0-2: Ball
1-2: SINGLE (Line Drive, 8LS, EV 94.4 MPH)
Batting: RHB Ryan Manson 0-0: Sac Bunt to P - play at first, batter OUT! 1-3
Guy Barry to second
Batting: RHB Jonah Pratt 0-0: Ball
1-0: Called Strike
1-1: SINGLE (Groundball, 6MS, EV 63.8 MPH) (infield hit)
Guy Barry to third
Batting: RHB Carlos Gajeiro 0-0: Ball
1-0: Foul Ball, location: 2F
1-1: Called Strike
1-2: Ball
2-2: Foul Ball, location: 2F
2-2: Ball
3-2: Base on Balls
Jonah Pratt to second
Batting: SHB Issac Brosius 0-0: Called Strike
0-1: Called Strike
0-2: Ball
1-2: Ball
2-2: Ball
3-2: Base on Balls
Guy Barry scores
Jonah Pratt to third
Carlos Gajeiro to second
Batting: LHB Delford Cody 0-0: Ball
1-0: Ball
2-0: Called Strike
2-1: Swinging Strike
2-2: Foul Ball, location: 2F
2-2: Foul Ball, location: 2F
2-2: Strikes out swinging
Batting: LHB Connor Ray 0-0: Ball
1-0: Ball
2-0: Fly out, F8 (Flyball, 8RD, EV 103.1 MPH)
Top of the 8th over - 1 run, 2 hits, 0 errors, 3 left on base; Charlotte 7 - Florida 4
BOTTOM OF THE 8TH
Florida Fire Frogs batting - Pitching for Charlotte Stone Crabs : RHP Juan Valderez
Batting: LHB Al Cashmann 0-0: Foul Ball, location: 2F
0-1: Ground out U3 (Groundball, 3, EV 76.9 MPH)
Batting: RHB Andy Westmoreland 0-0: Ball
1-0: Ball
2-0: Ground out 4-3 (Groundball, 4, EV 83.8 MPH)
Batting: LHB Dalton Wharton 0-0: Called Strike
0-1: DOUBLE (Line Drive, 5D, EV 97.5 MPH)
Batting: RHB Kelly Salhany 0-0: Called Strike
0-1: Swinging Strike
0-2: Ball
1-2: Ground out 6-3 (Groundball, 6, EV 87.5 MPH)
Bottom of the 8th over - 0 runs, 1 hit, 0 errors, 1 left on base; Charlotte 7 - Florida 4
TOP OF THE 9TH
Charlotte Stone Crabs batting - Pitching for Florida Fire Frogs : RHP Carlos Camarillo
Batting: LHB Gavin Scarboro 0-0: Swinging Strike
0-1: Ball
1-1: Called Strike
1-2: Ball
2-2: Ball
3-2: Foul Ball, location: 2F
3-2: Foul Ball, location: 2F
3-2: Foul Ball, location: 2F
3-2: Strikes out swinging, 2-3 out at first.
Pitching: RHP Rupert Kelley
Batting: LHB Larry Aubin 0-0: Called Strike
0-1: Swinging Strike
0-2: Foul Ball, location: 2F
0-2: Ground out 4-3 (Groundball, 4, EV 105.0 MPH)
Batting: LHB Guy Barry 0-0: Called Strike
0-1: Ball
1-1: Foul Ball, location: 2F
1-2: Ball
2-2: Ground out 4-3 (Groundball, 4, EV 85.0 MPH)
Top of the 9th over - 0 runs, 0 hits, 0 errors, 0 left on base; Charlotte 7 - Florida 4
BOTTOM OF THE 9TH
Florida Fire Frogs batting - Pitching for Charlotte Stone Crabs : RHP Juan Valderez
Pitching: LHP Bobby Jack Hawkins
Batting: LHB Lincoln Sierra 0-0: Ball
1-0: Foul Ball, location: 2F
1-1: Fly out, F6 (Flyball, 6D, EV 82.5 MPH)
Pinch Hitting: RHB Miguel Saenz 0-0: Swinging Strike
0-1: Ball
1-1: Foul Ball, location: 2F
1-2: Foul Ball, location: 2F
1-2: Ground out 4-3 (Groundball, 4, EV 99.4 MPH)
Batting: RHB Brantley Sargent 0-0: Ball
1-0: Ball
2-0: Ball
3-0: Base on Balls
Batting: RHB Ken Cincotta 0-0: Fly out, F5 (Popup, 5SF, EV 78.8 MPH)
Bottom of the 9th over - 0 runs, 0 hits, 0 errors, 1 left on base; Charlotte 7 - Florida 4
Saturday, May 4th , 2024 - OOTP Baseball 24.11 Build 85